[Event "Titled Tuesday Blitz July 05 Late 2022"]
[White "Bobadilla Viera, Jorge Samuel"]
[Black "Cardoso Cardoso, Jose Gabriel"]
[WhiteFideId "3906353"]
[BlackFideId "4430492"]
[WhiteElo "2202"]
[BlackElo "2485"]
[Result "1-0"]
[Round "05"]
[TimeControl "180+1"]
[Date "2022.07.05"]
[WhiteClock "0:00:15"]
[BlackClock "0:00:01"]

1. e4 c5 2. Nc3 Nc6 3. Nf3 g6 4. d4 cxd4 5. Nxd4 Bg7 6. Be3 Nf6 7. Bc4 Qa5 8. O-O Qb4 9. Bb3 Nxe4 10. Nxe4 d5 11. c3 Qa5 12. Ng3 O-O 13. a4 e5 14. Nb5 Be6 15. Bxd5 Rad8 16. c4 Nb4 17. Bd2 a6 18. Qe1 Nd3 19. Bxa5 Nxe1 20. Bxd8 Nc2 21. Bxe6 Nxa1 22. Be7 Re8 23. Rxa1 axb5 24. axb5 Rxe7 25. Ra8+ Bf8 26. Bd5 Kg7 27. Kf1 f5 28. Rb8 Kf6 29. Rxb7 Re8 30. Rf7+ Kg5 31. Ne2 Bc5 32. g3 e4 33. h4+ Kh6 34. Nf4 e3 35. fxe3 Rxe3 36. Kg2 Rb3 37. Ne6 Rxb2+ 38. Kh3 Bg1 39. g4 fxg4+ 40. Kxg4 Rd2 41. Ng5 Rd4+ 42. Kh3 Rd3+ 43. Kg2 Kh5 44. Kxg1 Kxh4 45. Nxh7 g5 46. Rf3 Rd2 47. Rf2 Rd1+ 48. Kg2 g4 49. Nf6 g3 50. Re2 Rd4 51. Re4+ 1-0


[Site "https://www.chess.com"]

[Event "Titled Tuesday Blitz July 05 Late 2022"]
[White "Bortnyk, Olexandr"]
[Black "Timofeev, Artyom"]
[WhiteFideId "14120828"]
[BlackFideId "4140419"]
[WhiteElo "2723"]
[BlackElo "2578"]
[Result "1-0"]
[Round "05"]
[TimeControl "180+1"]
[Date "2022.07.05"]
[WhiteClock "0:00:23"]
[BlackClock "0:00:21"]

1. d4 Nf6 2. Nc3 d5 3. Bf4 c5 4. e4 dxe4 5. dxc5 Bd7 6. Nb5 Na6 7. b4 g6 8. Qd2 Bg7 9. Rd1 O-O 10. Nh3 Qc8 11. a3 Bxh3 12. gxh3 b6 13. cxb6 axb6 14. c4 Nb8 15. Qe3 Nbd7 16. Be2 Qb7 17. O-O Rfd8 18. Rd2 Nf8 19. Rxd8 Rxd8 20. Bc7 Ra8 21. Qxb6 Qc8 22. Qe3 Ne6 23. Be5 Qc6 24. Rd1 h5 25. Nd4 Nxd4 26. Rxd4 Kh7 27. b5 Qc5 28. Bxf6 Bxf6 29. Rxe4 Qxa3 30. Qxa3 Rxa3 31. c5 Rc3 32. Bc4 e6 33. b6 Be7 34. c6 1-0


[Site "https://www.chess.com"]

[Event "Titled Tuesday Blitz July 05 Late 2022"]
[White "Carrasco Miranda, Andres"]
[Black "Nathan, Nitish"]
[WhiteFideId "3405990"]
[BlackFideId "30927870"]
[WhiteElo "2177"]
[BlackElo "2223"]
[Result "1/2-1/2"]
[Round "05"]
[TimeControl "180+1"]
[Date "2022.07.06"]
[WhiteClock "0:00:08"]
[BlackClock "0:01:18"]

1. d4 d5 2. c4 c6 3. Nf3 Nf6 4. e3 Bf5 5. Nc3 e6 6. Nh4 Bg4 7. Qb3 Qb6 8. h3 Bh5 9. g4 Bg6 10. Nxg6 hxg6 11. Bg2 Nbd7 12. Bd2 dxc4 13. Qxc4 Be7 14. O-O Qb4 15. Qxb4 Bxb4 16. a3 Ba5 17. b4 Bc7 18. b5 Nxg4 19. bxc6 Bh2+ 20. Kh1 bxc6 21. f3 Nxe3 22. Bxe3 Bd6 23. Ne4 Be7 24. Rfc1 Rc8 25. Rab1 Nb6 26. Bg5 Bxa3 27. Rc3 Bf8 28. f4 f6 29. Nxf6+ gxf6 30. Bxf6 Rh5 31. Bxc6+ Kf7 32. Bg5 Be7 33. Bxe7 Kxe7 34. Rbc1 Rf5 35. Bg2 Rxc3 36. Rxc3 Rxf4 37. Rc7+ Kf6 38. Rxa7 Rxd4 39. Kh2 Nd5 40. Kg3 Rd3+ 41. Kf2 Nf4 42. Rh7 Rd2+ 43. Ke3 Rxg2 44. Kxf4 Re2 45. Kf3 Rb2 46. Rh8 Rb3+ 47. Kf4 Rb4+ 48. Kf3 Kg5 49. Kg3 Rb3+ 50. Kg2 e5 51. Re8 Re3 52. Kf2 Re4 53. Kf3 Rf4+ 54. Kg3 e4 55. Re5+ Rf5 56. Rxe4 Ra5 57. Rg4+ Kh6 58. Rh4+ Kg7 59. Rf4 Ra3+ 60. Kg4 Kh6 61. h4 Ra1 62. Rb4 Rg1+ 63. Kh3 Kh5 64. Rb5+ Kh6 65. Rb6 Rc1 66. Ra6 Rc4 67. Kg3 Kh5 68. Ra5+ Kh6 69. Ra6 Rc5 70. Kh3 Kh5 71. Ra4 Rc3+ 72. Kg2 Rd3 73. Kh2 Rb3 74. Kg2 Kh6 75. Ra5 Kg7 76. Kh2 Kf6 77. Kg2 Re3 78. Kh2 Rd3 79. Kg2 Rd4 80. Kg3 Rd3+ 81. Kg4 Rd4+ 82. Kg3 Kg7 83. Rb5 Kh6 84. Ra5 Rd3+ 85. Kg4 Rb3 86. Rc5 Rb4+ 87. Kg3 Kg7 88. Ra5 Kf6 89. Ra6+ Kf5 90. Ra5+ Ke4 91. Rg5 Rb6 92. Kg4 Rf6 93. Ra5 Rf1 94. Ra4+ Ke5 95. Kg5 Rg1+ 96. Rg4 Rxg4+ 97. Kxg4 Kf6 98. h5 g5 99. h6 Kg6 100. h7 Kxh7 101. Kxg5 1/2-1/2


[Site "https://www.chess.com"]

[Event "Titled Tuesday Blitz July 05 Late 2022"]
[White "Corrales Jimenez, Fidel"]
[Black "Wachinger, Nikolas"]
[WhiteFideId "3506690"]
[BlackFideId "12962791"]
[WhiteElo "2541"]
[BlackElo "2253"]
[Result "1-0"]
[Round "05"]
[TimeControl "180+1"]
[Date "2022.07.05"]
[WhiteClock "0:00:52"]
[BlackClock "0:00:10"]

1. d4 Nf6 2. c4 g6 3. Nc3 Bg7 4. e4 d6 5. Be2 e5 6. d5 Nbd7 7. h4 Nc5 8. Qc2 a5 9. h5 h6 10. hxg6 fxg6 11. Be3 b6 12. O-O-O h5 13. Nf3 Ng4 14. Bxc5 bxc5 15. Rdf1 Bd7 16. Kb1 O-O 17. Bd1 Bh6 18. Nh4 Kg7 19. Bxg4 hxg4 20. f3 g3 21. f4 Rxf4 22. Nf3 Bg4 23. Ne2 Qf6 24. Nxf4 Bxf4 25. Ng1 a4 26. a3 g5 27. Ne2 Qg6 28. Nc3 Be3 29. Ka2 Bf2 30. Nxa4 Bd4 31. Nc3 Bxc3 32. Qxc3 Qxe4 33. Rc1 Be2 34. Rh3 Qf4 35. Qc2 Qf2 36. Qh7+ Kf8 37. Qh8+ Ke7 38. Rh7+ 1-0


[Site "https://www.chess.com"]

[Event "Titled Tuesday Blitz July 05 Late 2022"]
[White "D`Arruda, Ricardo D."]
[Black "Kozin, Yuri"]
[WhiteFideId "100692"]
[BlackFideId "4129920"]
[WhiteElo "2440"]
[BlackElo "2544"]
[Result "1-0"]
[Round "05"]
[TimeControl "180+1"]
[Date "2022.07.06"]
[WhiteClock "0:00:15"]
[BlackClock "0:00:05"]

1. d4 d5 2. Nf3 Nf6 3. g3 g6 4. Bg2 Bg7 5. O-O c6 6. c4 dxc4 7. Ne5 Ng4 8. Nf3 Nd7 9. e3 O-O 10. Nfd2 Nb6 11. a4 e5 12. a5 Nd5 13. Nxc4 exd4 14. exd4 Ngf6 15. a6 bxa6 16. Ne5 Qb6 17. Nc3 Be6 18. Qa4 Nb4 19. Nxc6 Nxc6 20. Qxc6 Qxd4 21. Qxa6 Rab8 22. Qxa7 Qb4 23. Qa4 Qb6 24. Bf4 Rbc8 25. Qa3 Rfd8 26. Rfd1 Bb3 27. Rxd8+ Rxd8 28. Qa5 Qxa5 29. Rxa5 h6 30. h3 g5 31. Be3 Bc4 32. Ra8 Rxa8 33. Bxa8 Bf8 34. Bd4 Nd7 35. Bc6 Bc5 36. Bxc5 Nxc5 37. b4 Nd3 38. b5 Nb4 39. Be4 Kf8 40. b6 Ke7 41. b7 Na6 42. Nd5+ Bxd5 43. Bxd5 f6 44. Kg2 Kd6 45. Be4 Kc7 46. Kf3 Nc5 47. Bd5 f5 48. g4 f4 49. Ke2 Na4 50. Kd3 Nb2+ 51. Ke4 Nd1 52. f3 Ne3 53. Ke5 Ng2 54. Kf6 Ne3 55. Be4 Nf1 56. Kg6 Ng3 57. Bd5 Ne2 58. Kxh6 Ng1 59. Kxg5 Nxh3+ 60. Kf5 Kb8 61. g5 1-0


[Site "https://www.chess.com"]

[Event "Titled Tuesday Blitz July 05 Late 2022"]
[White "De La Colina, Nicolas"]
[Black "Halkias, Stelios"]
[WhiteFideId "30946921"]
[BlackFideId "4201809"]
[WhiteElo "2046"]
[BlackElo "2453"]
[Result "0-1"]
[Round "05"]
[TimeControl "180+1"]
[Date "2022.07.05"]
[WhiteClock "0:00:02"]
[BlackClock "0:00:16"]

1. Nf3 Nf6 2. c4 e6 3. Nc3 Bb4 4. Qc2 c5 5. e3 O-O 6. Be2 d5 7. cxd5 exd5 8. d4 Nc6 9. dxc5 Bxc5 10. O-O Bg4 11. Rd1 Bd6 12. b3 Rc8 13. Bb2 Re8 14. Rac1 Ne5 15. Nxe5 Bxe5 16. h3 Be6 17. Qd2 Qe7 18. Bf3 Red8 19. Nb5 Bb8 20. Ba3 Qe8 21. Nd4 Ne4 22. Qe2 Nc3 23. Rxc3 Rxc3 24. Bb2 Rcc8 25. Bg4 Qe7 26. Bf5 Be5 27. Qg4 Bxf5 28. Nxf5 Qf6 29. Bxe5 Qxe5 30. g3 Qf6 31. Rd4 Rc1+ 32. Kg2 Re8 33. Rxd5 h5 34. Qxh5 Qa1 35. Qg4 Rg1+ 36. Kf3 Qf6 37. Rd4 Qe5 38. Nh4 Re1 39. Rf4 g6 40. Re4 Qxe4+ 41. Qxe4 Rxe4 42. Kxe4 Ra1 43. a4 Ra3 44. Nf3 Rxb3 45. Nd4 Rb4 46. a5 Ra4 47. h4 Rxa5 48. f4 Ra2 49. g4 a5 50. h5 gxh5 51. gxh5 a4 52. Kf5 Rb2 53. e4 a3 54. Kf6 a2 55. Nf5 a1=Q 56. Nh6+ Kf8 57. e5 Rb6+ 58. Kf5 Qb1+ 59. Kg5 Rxh6 60. Kxh6 Qf5 61. e6 Qf6+ 62. Kh7 Qg7# 0-1


[Site "https://www.chess.com"]

[Event "Titled Tuesday Blitz July 05 Late 2022"]
[White "Dilanyan, Grigor"]
[Black "Drygalov, Andrey"]
[WhiteFideId "13303570"]
[BlackFideId "24171735"]
[WhiteElo "2279"]
[BlackElo "2531"]
[Result "1/2-1/2"]
[Round "05"]
[TimeControl "180+1"]
[Date "2022.07.05"]
[WhiteClock "0:00:10"]
[BlackClock "0:00:05"]

1. Nf3 d5 2. g3 g6 3. Bg2 Bg7 4. d4 Nf6 5. O-O O-O 6. c4 c6 7. cxd5 cxd5 8. Nc3 e6 9. Bf4 Nc6 10. Rc1 Bd7 11. h4 a6 12. a4 Rc8 13. e3 Be8 14. Be5 Nxe5 15. Nxe5 Nd7 16. Nd3 Nb6 17. Nc5 Bc6 18. b3 Nd7 19. Nd3 Qe7 20. h5 Rc7 21. hxg6 hxg6 22. Na2 a5 23. Qd2 b6 24. Rc2 Rfc8 25. Rfc1 Qd6 26. Nc3 Bf8 27. Bf1 Bb7 28. Nb5 Rxc2 29. Rxc2 Rxc2 30. Qxc2 Qc6 31. Qb2 Be7 32. Qe2 Ba6 33. Nf4 Qc1 34. Kg2 Nf6 35. Nd3 Qa1 36. Qb2 Qxb2 37. Nxb2 Ne4 38. Bd3 Nd2 39. Bc2 f6 40. Nd3 g5 41. f4 g4 42. Nf2 f5 43. Nd3 Bf6 44. Nc7 Bc8 45. Ne8 Be7 46. Ne5 Kf8 47. Nc7 Bd6 48. Nb5 Bxe5 49. dxe5 Ke7 50. Nd4 Ba6 51. Kf2 Kd7 52. Ke1 Nf1 53. Kf2 Nd2 54. Ke1 Nf1 55. Kf2 Nd2 1/2-1/2


[Site "https://www.chess.com"]

[Event "Titled Tuesday Blitz July 05 Late 2022"]
[White "Dilmukhametov, Artur"]
[Black "Ferreira, Vitor Hugo Vieira"]
[WhiteFideId "24179922"]
[BlackFideId "2119765"]
[WhiteElo "2206"]
[BlackElo "2168"]
[Result "0-1"]
[Round "05"]
[TimeControl "180+1"]
[Date "2022.07.06"]
[WhiteClock "0:00:04"]
[BlackClock "0:00:19"]

1. e4 c5 2. Nf3 d6 3. Bb5+ Nd7 4. O-O Nf6 5. Re1 g6 6. c3 Bg7 7. h3 O-O 8. d4 a6 9. Bf1 e5 10. dxe5 Nxe5 11. Nxe5 dxe5 12. Qc2 Qc7 13. Bg5 Be6 14. Nd2 c4 15. Bh4 Nh5 16. Nf3 h6 17. g4 Nf4 18. Bg3 f5 19. exf5 Bd5 20. Nxe5 Bxe5 21. Qd2 Rad8 22. Rxe5 Qxe5 23. Bxf4 Qe4 24. f3 Qxf3 25. Bg2 Qxg2+ 26. Qxg2 Bxg2 27. Kxg2 gxf5 28. gxf5 Rxf5 29. Bxh6 Kh7 30. Be3 Rd3 31. Re1 Re5 32. Kf2 Kg6 33. Rg1+ Kf5 34. Bd4 Rd2+ 35. Kf3 Ree2 36. h4 Rh2 37. Rg5+ Ke6 38. Rc5 b5 39. Rc6+ Kd5 40. Rxa6 Rxb2 41. a4 Rxh4 42. Ra5 Rxd4 43. cxd4 Kxd4 44. Rxb5 Ra2 45. a5 Kd3 46. Rd5+ Kc2 47. Ke3 c3 48. Rb5 Kc1 49. Kd3 c2 50. Rh5 Kb1 0-1


[Site "https://www.chess.com"]

[Event "Titled Tuesday Blitz July 05 Late 2022"]
[White "Domingo Nunez, Alejandro"]
[Black "Pakleza, Zbigniew"]
[WhiteFideId "22245561"]
[BlackFideId "1119290"]
[WhiteElo "2222"]
[BlackElo "2467"]
[Result "1-0"]
[Round "05"]
[TimeControl "180+1"]
[Date "2022.07.05"]
[WhiteClock "0:00:08"]
[BlackClock "0:00:03"]

1. Nf3 d5 2. g3 Nf6 3. Bg2 Bf5 4. O-O e6 5. d3 Be7 6. Nbd2 h6 7. b3 O-O 8. Bb2 c6 9. Ne5 Nbd7 10. e4 Bh7 11. Qe2 a5 12. a4 Nxe5 13. Bxe5 Nd7 14. Bb2 Bf6 15. e5 Be7 16. f4 Rc8 17. g4 b5 18. f5 bxa4 19. Rxa4 Nc5 20. Ra2 Re8 21. f6 Bf8 22. fxg7 Bxg7 23. Qf2 Nd7 24. Qxf7+ Kh8 25. Nf3 Rf8 26. Qxe6 a4 27. bxa4 Qb6+ 28. Bd4 c5 29. Qxd7 cxd4 30. a5 Qc5 31. a6 Rfd8 32. Qa4 Ra8 33. Qxd4 Qc7 34. a7 Bg8 35. Rfa1 Bf8 36. e6+ Bg7 37. Qe3 Bxa1 38. Qxh6+ Qh7 39. Qxh7+ Kxh7 40. Rxa1 Bxe6 41. Ng5+ Kg6 42. Nxe6 Rd7 43. Bxd5 Raxa7 44. Rxa7 Rxa7 45. h4 Kf6 46. Nf4 Ke5 47. Ne2 Ra1+ 48. Kf2 Kxd5 49. Ke3 Rh1 50. c4+ Ke6 51. h5 Rh3+ 52. Ke4 Kf6 53. Kf4 Rh2 54. g5+ Ke7 55. Nd4 Rxh5 56. Kf5 Rh3 57. Nc6+ Kd6 58. d4 Kxc6 59. g6 Rg3 60. Kf6 Rg4 61. g7 Rxd4 62. g8=Q Kc5 63. Qc8+ Kb4 64. c5 Rc4 65. c6 Kb5 66. Qb7+ Kc5 67. c7 1-0


[Site "https://www.chess.com"]

[Event "Titled Tuesday Blitz July 05 Late 2022"]
[White "Domingo Nunez, Ruben"]
[Black "Sankalp Gupta"]
[WhiteFideId "22245570"]
[BlackFideId "5097010"]
[WhiteElo "2373"]
[BlackElo "2399"]
[Result "1-0"]
[Round "05"]
[TimeControl "180+1"]
[Date "2022.07.05"]
[WhiteClock "0:00:16"]
[BlackClock "0:00:02"]

1. c4 e5 2. Nc3 Bb4 3. Qc2 Bxc3 4. Qxc3 Nc6 5. Nf3 Qe7 6. g3 d6 7. Bg2 f5 8. b4 Nf6 9. Bb2 O-O 10. O-O Be6 11. b5 Nd8 12. d3 Nf7 13. a4 Rae8 14. Ba3 Bc8 15. c5 f4 16. Rac1 fxg3 17. hxg3 Ng4 18. Nd2 Qg5 19. cxd6 Qh5 20. Nf3 cxd6 21. Rfd1 Be6 22. Qc7 Ng5 23. Qxd6 Rxf3 24. exf3 Nxf3+ 25. Kf1 Ngh2+ 26. Ke2 Nd4+ 27. Kd2 Qe2+ 28. Kc3 Rc8+ 29. Kb4 Rxc1 30. Rxc1 Qd2+ 31. Rc3 h6 32. Qxe5 Qxf2 33. Bxb7 Ng4 34. Qb8+ Kh7 35. Be4+ Bf5 36. Bd5 Nc2+ 37. Kb3 Nf6 38. Rxc2 Qd4 39. Bc4 Bxd3 40. Bxd3+ Qxd3+ 41. Rc3 Qd1+ 42. Ka2 Nd5 43. Qc8 Qd2+ 44. Bb2 Nxc3+ 45. Qxc3 Qd5+ 46. Qb3 Qg5 47. a5 h5 48. Qd3+ Kh6 49. Bc3 g6 50. Bd2 1-0


[Site "https://www.chess.com"]

[Event "Titled Tuesday Blitz July 05 Late 2022"]
[White "Dubov, Daniil"]
[Black "Maghsoodloo, Parham"]
[WhiteFideId "24126055"]
[BlackFideId "12539929"]
[WhiteElo "2791"]
[BlackElo "2607"]
[Result "1-0"]
[Round "05"]
[TimeControl "180+1"]
[Date "2022.07.05"]
[WhiteClock "0:00:28"]
[BlackClock "0:00:01"]

1. c4 e5 2. Nc3 Nf6 3. Nf3 Nc6 4. g3 g6 5. Bg2 Bg7 6. O-O O-O 7. d4 exd4 8. Nxd4 Re8 9. Nc2 a5 10. Qd2 d6 11. b3 Bf5 12. Ne3 Ne4 13. Bxe4 Bxe4 14. Bb2 Nb8 15. Ng4 Nd7 16. Nh6+ Kf8 17. Nxe4 Rxe4 18. Nxf7 Kxf7 19. Qd5+ Re6 20. Bxg7 Nb6 21. Qd4 Qg5 22. Qb2 Rae8 23. Rae1 Qh5 24. f3 d5 25. cxd5 Nxd5 26. e4 Nb4 27. Rd1 Qb5 28. Bh6 Rg8 29. Be3 h5 30. a3 Nc6 31. Rd5 Qa6 32. Rfd1 Rge8 33. Rd7+ R6e7 34. Bg5 Ne5 35. Qxe5 Rxd7 36. Rxd7+ 1-0


[Site "https://www.chess.com"]

[Event "Titled Tuesday Blitz July 05 Late 2022"]
[White "Eljanov, Pavel"]
[Black "Leiva, Gianmarco"]
[WhiteFideId "14102951"]
[BlackFideId "3804399"]
[WhiteElo "2601"]
[BlackElo "2323"]
[Result "1-0"]
[Round "05"]
[TimeControl "180+1"]
[Date "2022.07.05"]
[WhiteClock "0:00:30"]
[BlackClock "0:00:08"]

1. e4 c5 2. Nf3 d6 3. d4 cxd4 4. Nxd4 Nf6 5. Nc3 a6 6. Be2 e5 7. Nb3 Be7 8. Be3 Be6 9. Nd5 Nbd7 10. Qd3 O-O 11. a4 Bxd5 12. exd5 a5 13. h4 b6 14. g4 Nc5 15. Nxc5 bxc5 16. g5 Nd7 17. Qf5 Rb8 18. h5 e4 19. g6 Ne5 20. O-O-O Qd7 21. gxf7+ Rxf7 22. Qxd7 Nxd7 23. Bg4 Bf6 24. c3 Re7 25. Be6+ Kh8 26. Kc2 Ne5 27. Bc1 Nc4 28. Rhe1 Reb7 29. Rxe4 Nxb2 30. Rde1 Rb3 31. Bd2 g5 32. h6 c4 33. Bf7 Be5 34. Rxe5 dxe5 35. Bxg5 R3b6 36. Rb1 Rf8 37. Be3 Rb7 38. Be6 Rfb8 39. d6 Nxa4 40. Rxb7 Rxb7 41. d7 Rb2+ 42. Kc1 Rb8 43. Bg5 Nc5 44. Bf6# 1-0


[Site "https://www.chess.com"]

[Event "Titled Tuesday Blitz July 05 Late 2022"]
[White "Eynullayev, Altay"]
[Black "Madaminov, Mukhiddin"]
[WhiteFideId "13413562"]
[BlackFideId "14210703"]
[WhiteElo "2079"]
[BlackElo "2011"]
[Result "0-1"]
[Round "05"]
[TimeControl "180+1"]
[Date "2022.07.05"]
[WhiteClock "0:00:40"]
[BlackClock "0:00:03"]

1. e4 e5 2. Nf3 Nc6 3. Bb5 a6 4. Ba4 Nf6 5. O-O Nxe4 6. d4 b5 7. Bb3 d5 8. dxe5 Be6 9. c3 Be7 10. Be3 O-O 11. Nbd2 f5 12. exf6 Nxf6 13. a4 Qd7 14. Re1 Bd6 15. axb5 axb5 16. Rxa8 Rxa8 17. Qe2 Na5 18. Bc2 Bf7 19. Ng5 Bh5 20. Bxh7+ Kh8 21. Qd3 Nc4 22. Nxc4 bxc4 23. Qc2 Re8 24. Bg6 Bxg6 25. Qxg6 Kg8 26. Rd1 c5 27. g3 Re7 28. Rxd5 Rxe3 29. fxe3 Nxd5 30. Qh7+ Kf8 31. Qh8+ Ke7 32. Qxg7+ Ke8 33. Qg8+ Bf8 34. Qg6+ Kd8 35. Ne6+ Ke7 36. Nxc5 Qd6 37. Qe4+ Kf7 38. Qxc4 Qxc5 39. Qf1+ Kg8 40. Qf5 Qxe3+ 41. Kg2 Qe2+ 42. Kh3 Qe7 43. Qxd5+ Kg7 44. Qd4+ Kg6 45. b4 Qe6+ 46. Kg2 Qc6+ 47. Kf2 Bg7 48. Qg4+ Kh7 49. Qf5+ Kg8 50. Qd3 Bxc3 51. b5 Qc5+ 52. Kg2 Bd4 53. Qg6+ Kf8 54. Qh6+ Bg7 55. Qf4+ Kg8 56. Qb8+ Kh7 57. b6 Qd5+ 58. Kh3 Qh5+ 59. Kg2 Qe2+ 60. Kh3 Kg6 61. Qd8 Qf1+ 62. Kg4 Qf5+ 63. Kh4 Qh5# 0-1


[Site "https://www.chess.com"]

[Event "Titled Tuesday Blitz July 05 Late 2022"]
[White "Fernandez, Fernando"]
[Black "Voege, Tobias"]
[WhiteFideId "3802299"]
[BlackFideId "1270513"]
[WhiteElo "2292"]
[BlackElo "2379"]
[Result "1/2-1/2"]
[Round "05"]
[TimeControl "180+1"]
[Date "2022.07.06"]
[WhiteClock "0:00:05"]
[BlackClock "0:00:04"]

1. d4 Nf6 2. Nf3 g6 3. Bf4 Bg7 4. e3 d5 5. Nbd2 O-O 6. h3 b6 7. Be2 Bb7 8. O-O c5 9. c3 Nc6 10. Ne5 Nxe5 11. Bxe5 Rc8 12. a4 a6 13. b4 cxb4 14. cxb4 Ne4 15. Nxe4 Bxe5 16. dxe5 dxe4 17. Qb3 Bd5 18. Qb2 a5 19. Rfd1 e6 20. Qd4 Qe7 21. Rab1 Rc2 22. Bf1 Rfc8 23. Qxb6 axb4 24. Qxb4 Qg5 25. Rb2 Qxe5 26. Rxc2 Rxc2 27. a5 Ra2 28. a6 Kg7 29. g3 Qf6 30. Qe1 Qb2 31. Rc1 h5 32. Qc3+ Qxc3 33. Rxc3 Ra1 34. Kg2 h4 35. gxh4 Kh6 36. Rc7 f6 37. Bb5 Ra5 38. Be2 Ra2 39. Bf1 Ra1 40. a7 Ra4 41. Bb5 Ra5 42. Bc6 Bxc6 43. Rxc6 Rxa7 44. Rxe6 f5 45. Kg3 Kh5 46. Re8 Kh6 47. Kf4 Ra2 48. Kg3 Ra1 49. Kf4 Rf1 50. Kg3 Rg1+ 51. Kh2 Rf1 52. Kg2 Ra1 53. Re7 Ra2 54. Kg3 Rb2 55. f3 exf3 56. Kxf3 Rb4 57. Kg3 Ra4 58. Rd7 Rb4 59. Rd8 Rb3 60. Kf3 Rb4 61. Rd4 Rb3 62. Kf4 Rb1 63. Ke5 Re1 64. Kf6 Rxe3 65. Rd8 Kh7 66. Rd7+ Kh6 67. Rd8 Kh7 68. Rd7+ Kh6 69. Rd8 1/2-1/2


[Site "https://www.chess.com"]

[Event "Titled Tuesday Blitz July 05 Late 2022"]
[White "Guz, Ari"]
[Black "Manukian, Artak"]
[WhiteFideId "2825759"]
[BlackFideId "13301373"]
[WhiteElo "1913"]
[BlackElo "2430"]
[Result "0-1"]
[Round "05"]
[TimeControl "180+1"]
[Date "2022.07.06"]
[WhiteClock "0:00:19"]
[BlackClock "0:00:06"]

1. e4 c6 2. Nf3 d5 3. Nc3 dxe4 4. Nxe4 Nf6 5. Qe2 Nxe4 6. Qxe4 Nd7 7. Bc4 Nf6 8. Ne5 e6 9. Qe2 b5 10. Bd3 Bb7 11. b3 Qd4 12. c3 Qd6 13. Bb2 Be7 14. c4 O-O 15. O-O a6 16. Bc2 c5 17. cxb5 axb5 18. Qxb5 Ba6 19. Qa4 Bxf1 20. Qh4 Qxd2 21. Rc1 Rad8 22. Nf3 Qh6 23. Qxh6 gxh6 24. Kxf1 Nd5 25. Be4 Nb4 26. Ne5 Bf6 27. Rxc5 Bxe5 28. Rxe5 Nd3 29. Bxd3 Rxd3 30. Re4 h5 31. Ke2 Rfd8 32. Bc1 R8d4 33. Rxd4 Rxd4 34. Be3 Rd8 35. Bc5 f5 36. a4 e5 37. b4 Kf7 38. a5 Ke6 39. a6 Kd5 40. a7 Kc6 41. f3 Kb7 42. g3 Rd5 43. Ke3 Rd1 44. h4 Rg1 45. Kf2 Rc1 46. Ke3 Rc4 47. Kd3 Rc1 48. Ke3 Rb1 49. Kd3 Rb3+ 50. Ke2 e4 51. fxe4 fxe4 52. Kf2 Rf3+ 53. Kg2 Rf5 54. Be3 Rf3 55. Bc5 Rf7 56. Be3 Rf5 57. Bc5 Rf3 58. Bd4 Rd3 59. Bc5 Rd2+ 60. Kf1 Rc2 61. Be3 Rb2 62. Bc5 Ka8 63. Ke1 Rg2 64. Bf2 e3 65. Bxe3 Rxg3 66. Bc5 Rg4 67. Bf2 Rxb4 68. Ke2 Rg4 69. Kf3 Rb4 70. Ke3 Rxh4 71. Kd3 Rg4 72. Ke3 Rg8 73. Kf3 Rg4 74. Be3 Ra4 75. Bf2 h4 76. Kg2 Ra2 77. Kf3 h3 78. Bg3 h2 0-1


[Site "https://www.chess.com"]

[Event "Titled Tuesday Blitz July 05 Late 2022"]
[White "He, Anthony"]
[Black "Chernobay, Artem"]
[WhiteFideId "2088215"]
[BlackFideId "4167406"]
[WhiteElo "2409"]
[BlackElo "2473"]
[Result "1-0"]
[Round "05"]
[TimeControl "180+1"]
[Date "2022.07.05"]
[WhiteClock "0:00:31"]
[BlackClock "0:00:13"]

1. d4 Nf6 2. Nc3 d5 3. Bf4 a6 4. e3 e6 5. g4 Bb4 6. Bd3 c5 7. dxc5 Nc6 8. g5 Nd7 9. h4 Nxc5 10. Nf3 Na4 11. Qd2 Nxb2 12. a3 Qa5 13. axb4 Qxa1+ 14. Nd1 Qxd1+ 15. Qxd1 Nxd1 16. Kxd1 Nxb4 17. Be2 Ke7 18. Kd2 Nc6 19. h5 Bd7 20. Rb1 b5 21. Bd3 f6 22. h6 gxh6 23. gxf6+ Kxf6 24. Rh1 Be8 25. Rxh6+ Bg6 26. Be2 e5 27. Bg3 Kg7 28. Rh1 Rhe8 29. Ra1 d4 30. exd4 exd4 31. Bf4 a5 32. Bxb5 Rf8 33. Bxc6 Rac8 34. Be5+ Kg8 35. Bd5+ Bf7 36. Rg1# 1-0


[Site "https://www.chess.com"]

[Event "Titled Tuesday Blitz July 05 Late 2022"]
[White "Holt, Conrad"]
[Black "Issani, Nameer"]
[WhiteFideId "2034387"]
[BlackFideId "2619130"]
[WhiteElo "2586"]
[BlackElo "2648"]
[Result "1-0"]
[Round "05"]
[TimeControl "180+1"]
[Date "2022.07.05"]
[WhiteClock "0:02:30"]
[BlackClock "0:00:55"]

1. d4 Nf6 2. c4 e6 3. Nc3 Bb4 4. Qc2 O-O 5. e4 d6 6. a3 Bxc3+ 7. bxc3 e5 8. Bd3 Nbd7 9. Ne2 Re8 10. O-O c6 11. f4 Qc7 12. Ng3 Nf8 13. fxe5 dxe5 14. Rxf6 gxf6 15. Qf2 Ng6 16. Nh5 Re6 17. Nxf6+ Kh8 18. d5 Re7 19. c5 Qd8 20. Bg5 Nf4 21. Qh4 1-0


[Site "https://www.chess.com"]

[Event "Titled Tuesday Blitz July 05 Late 2022"]
[White "Ibarra Jerez, Jose Carlos"]
[Black "Matinian, Nikita"]
[WhiteFideId "2226332"]
[BlackFideId "24129100"]
[WhiteElo "2628"]
[BlackElo "2422"]
[Result "1-0"]
[Round "05"]
[TimeControl "180+1"]
[Date "2022.07.05"]
[WhiteClock "0:00:07"]
[BlackClock "0:00:01"]

1. e4 e5 2. Nf3 Nc6 3. Bb5 a6 4. Bxc6 dxc6 5. O-O Bd6 6. d4 exd4 7. Qxd4 f6 8. Be3 Ne7 9. Nbd2 Be6 10. Qc3 Qd7 11. Nd4 O-O 12. f4 Bf7 13. Rae1 Rad8 14. N2f3 c5 15. Nb3 c4 16. Nbd4 c5 17. Ne2 b5 18. Ng3 Qc6 19. Rd1 Bc7 20. Rxd8 Rxd8 21. Qe1 b4 22. Qf2 Bb6 23. f5 c3 24. b3 Rc8 25. e5 Nd5 26. e6 Be8 27. Kh1 Nxe3 28. Qxe3 c4 29. Qf4 cxb3 30. axb3 Qc5 31. Ne4 Qd5 32. Qg4 Bd8 33. h4 Be7 34. h5 h6 35. Nh4 Qb5 36. Rd1 Qe5 37. Nf3 Qc7 38. Nh4 Rd8 39. Rf1 Rd4 40. Ng6 Bd8 41. Re1 Qc6 42. Qe2 Bc7 43. Ne7+ Kh7 44. Nxc6 Bxc6 45. Qg4 Be5 46. Qg6+ Kh8 47. e7 Rxe4 48. e8=Q+ 1-0


[Site "https://www.chess.com"]

[Event "Titled Tuesday Blitz July 05 Late 2022"]
[White "Jaracz, Pawel"]
[Black "Krstulovic, Alex"]
[WhiteFideId "1102222"]
[BlackFideId "760056"]
[WhiteElo "2459"]
[BlackElo "2244"]
[Result "1-0"]
[Round "05"]
[TimeControl "180+1"]
[Date "2022.07.06"]
[WhiteClock "0:00:09"]
[BlackClock "0:00:01"]

1. d4 Nf6 2. c4 e6 3. Nc3 Bb4 4. Qc2 d5 5. cxd5 exd5 6. Bf4 c5 7. Nf3 Nc6 8. e3 Bg4 9. a3 Bxc3+ 10. bxc3 c4 11. Ne5 Bh5 12. f3 O-O 13. Be2 Nxe5 14. Bxe5 Nd7 15. Bf4 Bg6 16. Qb2 Qc8 17. O-O Re8 18. a4 b6 19. a5 Qc6 20. Qb4 b5 21. a6 Nb6 22. Ra5 Na4 23. Bd1 Bd3 24. Re1 Nb6 25. Rxb5 Qf6 26. Be5 Qh6 27. Qb2 f6 28. Bg3 Rxe3 29. Rxe3 Qxe3+ 30. Bf2 Qf4 31. g3 Qh6 32. Kg2 Re8 33. Rxb6 axb6 34. Qb5 Rd8 35. Qxb6 Rf8 36. a7 Qc1 37. Qe6+ Kh8 38. Qd6 Rg8 39. Qxd5 Qxd1 40. Qxg8+ Kxg8 41. a8=Q+ Kf7 42. g4 Qf1+ 43. Kg3 Qc1 44. Qd5+ Kg6 45. h3 h6 46. Qd7 Qg5 47. h4 Qa5 48. h5+ Kh7 49. Be1 Qg5 50. Qe7 Qa5 51. Qe3 Qa1 52. d5 Qd1 53. d6 Bc2 54. Bd2 Ba4 55. Qe4+ Kg8 56. Qd5+ Kh7 57. Qe4+ Kg8 58. Qxc4+ Kh7 59. Qe4+ Kg8 60. c4 1-0


[Site "https://www.chess.com"]

[Event "Titled Tuesday Blitz July 05 Late 2022"]
[White "Kamsky, Gata"]
[Black "Lashkin, Jegor"]
[WhiteFideId "2000024"]
[BlackFideId "13907808"]
[WhiteElo "2645"]
[BlackElo "2368"]
[Result "1/2-1/2"]
[Round "05"]
[TimeControl "180+1"]
[Date "2022.07.05"]
[WhiteClock "0:00:16"]
[BlackClock "0:00:04"]

1. e4 c5 2. Nf3 d6 3. d4 cxd4 4. Nxd4 Nf6 5. Nc3 a6 6. a4 e5 7. Nf3 Be7 8. Bc4 O-O 9. O-O Be6 10. Qe2 Qc7 11. Bb3 h6 12. Rd1 Nbd7 13. Be3 Rac8 14. h3 Nc5 15. Bxc5 Qxc5 16. Rd3 Qb4 17. Nd2 Rc5 18. Rd1 Rfc8 19. Na2 Qb6 20. Nc3 Qc6 21. Nf1 Bf8 22. Qf3 Qb6 23. Ne3 Qb4 24. Ncd5 Nxd5 25. Nxd5 Qa5 26. h4 Qd8 27. g3 b5 28. axb5 Rxb5 29. Ra1 a5 30. Kg2 Rbc5 31. Ne3 Rb8 32. Bxe6 fxe6 33. b3 Qc7 34. Qg4 Qf7 35. Nc4 Ra8 36. Ra4 Qf6 37. Qf3 Qe7 38. Kh2 Qc7 39. Rd1 Rd8 40. Ne3 Qc6 41. Qg4 d5 42. Rd3 Rd7 43. Kg2 Rf7 44. Rd2 Rf6 45. Kh2 Rf7 46. Kg2 Rf6 47. Kh2 Rf7 48. Kg2 1/2-1/2


[Site "https://www.chess.com"]